 Dungeon Crawl Stone Soup version 0.20.0-10-g0535bb4 (webtiles) character file.

922 MTVSty1e the Basher (level 8, -10/46 HPs)
             Began as a Gargoyle Fighter on June 5, 2017.
             Mangled by an ogre
             ... wielding a +0 giant spiked club
              (21 damage)
             ... on level 5 of the Dungeon.
             The game lasted 00:06:25 (5436 turns).

MTVSty1e the Basher (Gargoyle Fighter)              Turns: 5436, Time: 00:06:26

Health: -10/46     AC: 13    Str: 27    XL:     8   Next: 10%
Magic:  8/8        EV:  7    Int:  9    God:
Gold:   157        SH:  9    Dex:  9    Spells: 7/7 levels left

rFire    . . .     SeeInvis +   a - +1 flail
rCold    . . .     Gourm    .   c - +0 shield
rNeg     + . .     Faith    .   b - +1 scale mail
rPois    ∞         Spirit   .   (no helmet)
rElec    +         Reflect  .   (no cloak)
rCorr    .         Harm     .   (no gloves)
MR       .....                  (no boots)
Stlth    ..........             (no amulet)
Regen    0.2/turn               f - ring of see invisible
MPRegen  0.2/turn               (no ring)

@: mighty
A: negative energy resistance 1, electricity resistance, unbreathing,
petrification resistance, rot immunity, AC +5
a: no special abilities


You were on level 5 of the Dungeon.
You were not hungry.

You visited 1 branch of the dungeon, and saw 5 of its levels.

You collected 157 gold pieces.

Inventory:

Hand Weapons
 a - a +1 flail (weapon)
Armour
 b - a +1 scale mail (worn)
 c - a +0 shield (worn)
Jewellery
 f - a ring of see invisible (left hand)
Scrolls
 i - a scroll of fog
 n - a scroll of remove curse
 o - a scroll of teleportation
Potions
 e - a potion of cancellation
 g - 4 potions of curing
 j - a potion of flight
 k - 2 potions of brilliance
 l - a potion of invisibility {unknown}
 m - a potion of mutation {unknown}
Comestibles
 h - 2 royal jellies


   Skills:
 - Level 3.4 Fighting
 * Level 9.2 Maces & Flails
 - Level 3.2 Armour
 - Level 3.2 Shields


You had 7 spell levels left.
You didn't know any spells.

Dungeon Overview and Level Annotations

Branches:
Dungeon (5/15)
 Temple: D:4-7

Altars:
Ashenzari
Cheibriados
Elyvilon
Gozag
Makhleb
Trog
Yredelemnul
Zin


Innate Abilities, Weirdness & Mutations

You are resistant to torment.
Your stone body is resilient. (AC +5)
You are immune to poison.
You resist negative energy. (rN+)
You are resistant to electric shocks. (rElec)
You can survive without breathing.
You are immune to petrification.
You are immune to rotting.


Message History

An ogre comes into view. It is wielding a giant spiked club.
The ogre shouts!
An ogre is nearby!
An ogre is nearby!
You block the ogre's attack.
An ogre is nearby!
You hit the ogre.
The ogre is lightly wounded.
The ogre hits you with a giant spiked club!
You barely miss the ogre.
The ogre is lightly wounded.
The ogre hits you with a giant spiked club!!
* * * LOW HITPOINT WARNING * * *
You are too injured to fight recklessly!
You are too injured to fight recklessly!
You feel very mighty all of a sudden.
You hit the ogre.
The ogre is moderately wounded.
The ogre hits you with a giant spiked club!!
You die...

#..............## ...
##............## #..
#...........## #..#
#..........## #8 #...
##.........## ...
#...##.........###....
#...#..####..###......
#.....## ####.O.....#
#.....#####...@...#
###....###.......####
...............###
##............##
####.......###
#......## ##.....#
#....... #.........


You could see an ogre.

Vanquished Creatures
  Menkaure (D:5)
  A phantom (D:4)
  3 ogres (D:4)
  A scorpion (D:4)
  A howler monkey (D:4)
  An iguana (D:4)
  An orc wizard (D:4)
  4 worker ants
  4 gnolls
  9 adders
  An ooze (D:1)
  3 worms
  A dart slug (D:4)
  5 leopard geckos
  5 orcs
  6 bats
  3 giant cockroaches
  11 hobgoblins
  4 jackals (D:5)
  10 kobolds
  3 quokkas
  3 ball pythons
  8 frilled lizards
  A giant cockroach zombie (D:5)
  6 goblins
  A quokka skeleton (D:4)
  7 rats
104 creatures vanquished.

Notes
Turn   | Place    | Note
-------+----------+-------------------------------------------
     0 | D:1      | MTVSty1e the Gargoyle Fighter began the quest for the Orb.
     0 | D:1      | Reached XP level 1. HP: 14/14 MP: 1/1
    50 | D:1      | Reached XP level 2. HP: 19/19 MP: 2/2
   210 | D:1      | Reached skill level 3 in Maces & Flails
   766 | D:1      | Reached XP level 3. HP: 23/23 MP: 3/3
  1389 | D:2      | Found an opulent altar of Gozag.
  1830 | D:2      | Reached skill level 4 in Maces & Flails
  1964 | D:2      | Reached XP level 4. HP: 28/28 MP: 4/4
  2421 | D:3      | Found a burning altar of Makhleb.
  2779 | D:3      | Reached XP level 5. HP: 32/32 MP: 5/5
  2903 | D:3      | Reached skill level 5 in Maces & Flails
  3404 | D:3      | Found a bloodstained altar of Trog.
  3520 | D:4      | Noticed an ogre
  3531 | D:4      | Killed an ogre
  3531 | D:4      | Reached skill level 6 in Maces & Flails
  3531 | D:4      | Reached XP level 6. HP: 8/37 MP: 6/6
  3782 | D:4      | Found a shattered altar of Ashenzari.
  3881 | D:4      | Noticed a phantom
  3898 | D:4      | Killed a phantom
  4133 | D:4      | Reached skill level 7 in Maces & Flails
  4141 | D:4      | Reached XP level 7. HP: 39/41 MP: 7/7
  4371 | D:4      | Reached skill level 8 in Maces & Flails
  4985 | D:4      | Found a glowing silver altar of Zin.
  4985 | D:4      | Found a burning altar of Makhleb.
  4987 | D:4      | Found a white marble altar of Elyvilon.
  4991 | D:4      | Found a basalt altar of Yredelemnul.
  4992 | D:4      | Found a snail-covered altar of Cheibriados.
  4993 | D:4      | Found a shattered altar of Ashenzari.
  5066 | D:5      | Entered Level 5 of the Dungeon
  5178 | D:5      | Noticed Menkaure
  5184 | D:5      | Killed Menkaure
  5184 | D:5      | Reached skill level 9 in Maces & Flails
  5184 | D:5      | Reached XP level 8. HP: 31/46 MP: 8/8
  5436 | D:5      | Mangled by an ogre

Skill      XL: |  1  2  3  4  5  6  7 |
---------------+----------------------+-----
Maces & Flails | 3 4 6 7 9 |  9.2
Fighting       | |  3.4
Armour         | |  3.2
Shields        | |  3.2

Action                   |  1- 3 |  4- 6 |  7- 9 || total
-------------------------+-------+-------+-------++-------
Melee: Flail             |   126 |   196 |   125 ||   447
  Use: Scroll            |     2 |     8 |     3 ||    13
       Potion            |       |     2 |     2 ||     4
  Eat: Meat ration       |     1 |       |     1 ||     2
       Bread ration      |       |     1 |       ||     1
       Chunk             |       |     1 |     1 ||     2
Armor: Scale mail        |    78 |   103 |    66 ||   247
Dodge: Dodged            |    51 |    52 |    40 ||   143
Block: Shield            |    76 |    84 |    57 ||   217
